 Dungeon Crawl Stone Soup version 0.29.1-13-g9f3cf754e1 (webtiles) character file.

Game seed: 16499620191967714800

322 tkbsonic5 the Covered (level 6, -5/44 HPs)
             Began as a Human Wanderer on Jan 20, 2023.
             Slain by an iguana (8 damage)
             ... on level 5 of the Dungeon.
             The game lasted 00:15:12 (4655 turns).

tkbsonic5 the Covered (Human Wanderer)              Turns: 4655, Time: 00:15:13

Health: -5/44      AC: 18    Str: 17    XL:     6   Next: 76%
Magic:  7/7        EV:  7    Int: 13    God:
Gold:   190        SH:  0    Dex:  9    Spells: 7/7 levels left

rFire   . . .      SeeInvis .   s - +0 mace (protect)
rCold   . . .      Faith    .   (no shield)
rNeg    . . .      Spirit   .   c - +0 chain mail
rPois   .          Reflect  .   (no helmet)
rElec   .          Harm     .   (no cloak)
rCorr   .          Rampage  .   g - +0 pair of gloves
Will    .....                   (no boots)
Stlth   ..........              (no amulet)
HPRegen 0.14/turn               (no ring)
MPRegen 0.10/turn               (no ring)

@: under a protective aura
A: no striking features
a: no special abilities


You were on level 5 of the Dungeon.
You visited 1 branch of the dungeon, and saw 5 of its levels.

You collected 190 gold pieces.

Inventory:

Hand Weapons
 a - a +0 dagger
 f - a +0 whip of protection
 s - a +0 mace of protection (weapon)
 t - a +2 dagger of pain
 y - a +0 vorpal flail
Missiles
 b - 8 boomerangs (quivered)
 e - 2 throwing nets
Armour
 c - a +0 chain mail (worn)
 g - a +0 pair of gloves (worn)
Jewellery
 i - a ring of ice
Wands
 u - a wand of digging (2)
 A - a wand of flame (11)
Scrolls
 h - a scroll of fog {unknown}
 l - a scroll of brand weapon
 m - a scroll of enchant armour {unknown}
 q - a scroll of noise {unknown}
 v - 3 scrolls of immolation
 z - a scroll of enchant weapon {unknown}
Potions
 d - 2 potions of attraction
 n - a potion of might
 o - 2 potions of flight


   Skills:
 + Level 2.2 Fighting
 * Level 2.7 Maces & Flails
 * Level 3.5 Throwing
 * Level 6.1 Armour
 - Level 2.0 Dodging
 - Level 1.0 Spellcasting
 - Level 1.0 Necromancy


You had 7 spell levels left.
You didn't know any spells.
Your spell library contained the following spells:

 Spells                   Type           Power      Damage    Failure   Level
 Necrotise                Necr           12%        1d4       92%         1
 Slow                     Hex            0%         N/A       98%         1
 Confusing Touch          Hex            0%         N/A       100%        3
 Vampiric Draining        Necr           3%         2d6       100%        3


Dungeon Overview and Level Annotations

Branches:
Dungeon (5/15)
 Temple: D:4-7

Altars:
Sif Muna

Shops:
D:1 (

Annotations:
D:3 2 transporters, javelincjr's ghost, weakling MiBe


Message History

The iguana barely misses you.
You barely miss the iguana.
The iguana is lightly wounded.
The iguana barely misses you.
You barely miss the iguana. You punch the iguana, but do no damage.
The iguana is lightly wounded.
The iguana bites you but does no damage.
You barely miss the iguana.
The iguana is lightly wounded.
The iguana bites you! x2
You feel better. The iguana bites you.
Okay, then.
As you read the scroll of teleportation, it crumbles to dust.
You feel strangely unstable.
An ufetubus comes into view.
The iguana bites you!
Your surroundings suddenly seem different.
An iguana comes into view.
The iguana hisses angrily.
The iguana bites you!
* * * LOW HITPOINT WARNING * * *
You feel better. The iguana bites you!
* * * LOW HITPOINT WARNING * * *
You feel better. The iguana barely misses you.
Okay, then.
The air fills with toxic fumes!
As you read the scroll labelled QAF LIFELAMI, it crumbles to dust.
It was a scroll of poison.
The iguana bites you.
* * * LOW HITPOINT WARNING * * *
You closely miss the iguana.
The iguana bites you but does no damage.
You barely miss the iguana. You punch the iguana.
The iguana is lightly wounded.
The iguana bites you!
* * * LOW HITPOINT WARNING * * *
You hit the iguana but do no damage.
Your weapon exudes an aura of protection.
The iguana is lightly wounded.
The iguana bites you!
You die...

#+# #§# #§#
#@#
#§l§§§§§§§
#§§§§§#§§§#
##§§§§# ##
§§§§§§
###§#§##
#§#§§
#§####


You could see an iguana.

Vanquished Creatures
  A sky beast (D:5)
  A howler monkey (D:5)
  Jessica (D:3)
  Terence (D:3)
  A gnoll (D:2)
  4 adders
  2 worms (D:2)
  3 dart slugs
  5 orcs
  10 endoplasms
  A giant cockroach (D:3)
  2 goblins
  6 hobgoblins
  9 jackals
  9 kobolds
  2 quokkas
  5 ball pythons
  5 bats
  2 frilled lizards
  7 rats
77 creatures vanquished.

Vanquished Creatures (others)
  2 fungi (D:1)
  A plant (D:1)
3 creatures vanquished.

Grand Total: 80 creatures vanquished

Notes
Turn   | Place    | Note
-------+----------+-------------------------------------------
     0 | D:1      | tkbsonic5 the Human Wanderer began the quest for the Orb.
     0 | D:1      | tkbsonic5 set off with the following items: a +0 dagger, 10
                  | boomerangs, a +0 chain mail, a potion of attraction; and
                  | the following spell memorised: Necrotise; and the following
                  | spells available to memorise: Vampiric Draining.
     0 | D:1      | Reached XP level 1. HP: 13/13 MP: 2/2
   322 | D:1      | Reached XP level 2. HP: 9/20 MP: 3/3
   664 | D:1      | Found Hixtuphu's Antique Weapon Shop.
   756 | D:1      | Reached skill level 1 in Fighting
   918 | D:1      | Reached XP level 3. HP: 26/26 MP: 4/4
   936 | D:1      | Found a faded altar of an unknown god.
  1883 | D:2      | Reached XP level 4. HP: 26/32 MP: 5/5
  1884 | D:2      | Reached skill level 1 in Maces & Flails
  2576 | D:2      | Identified the +1 leather armour of the Alphagorgon
                  | {Rampage *Slow rC+ Dex+5}
  2942 | D:3      | Noticed Jessica
  2952 | D:3      | Killed Jessica
  2953 | D:3      | Reached XP level 5. HP: 38/38 MP: 6/6
  3047 | D:3      | Found a transporter.
  3048 | D:3      | Noticed javelincjr's ghost (weakling MiBe)
  3049 | D:3      | Found a transporter.
  3217 | D:3      | Noticed Terence
  3227 | D:3      | Killed Terence
  4029 | D:4      | Found a shimmering blue altar of Sif Muna.
  4330 | D:5      | Entered Level 5 of the Dungeon
  4337 | D:5      | Noticed a sky beast
  4349 | D:5      | Killed a sky beast
  4350 | D:5      | Reached skill level 6 in Armour
  4350 | D:5      | Reached XP level 6. HP: 35/44 MP: 7/7
  4638 | D:5      | Noticed an ogre
  4655 | D:5      | Slain by an iguana

Illustrated notes

Levels and vault maps discovered:
D:1:      heliophobic_arrival_enchanted_forest, layout_loops_corners,
          shapermc_ecumenical_altar_ellora, serial_shops, shop,
          minmay_strange_pillars
D:2:      layout_basic, serial_bayou_pond_b, kennysheep_generic_room_10
D:3:      layout_basic, gammafunk_ghost_mausoleum, kennysheep_decorative_pillar,
          uniq_terence, uniq_jessica
D:4:      layout_basic, nicolae_sif_muna_condensation, serial_rivers,
          chequers_serial_rivers_small_a, chequers_serial_rivers_room_a,
          chequers_serial_rivers_micro_a, chequers_serial_rivers_micro_a,
          hangedman_decor_riveting, solitary_fountain, st_stairs_7,
          minmay_crystal_room
D:5:      layout_loops_corners, minmay_temple_entry_glassed_door,
          uniq_prince_ribbit1

Skill      XL: |  1  2  3  4  5 |
---------------+----------------+-----
Fighting       | 1 2 |  2.2
Throwing       | 2 3 |  3.5
Maces & Flails | 1 2 |  2.7
Armour         | 6 |  6.1
Dodging        | |  2.0
Spellcasting   | |  1.0
Necromancy     | |  1.0

Action                   |  1- 3 |  4- 6 || total
-------------------------+-------+-------++-------
Melee: Dagger            |    34 |    25 ||    59
       Whip              |    82 |     5 ||    87
       Mace              |       |    27 ||    27
       Punch             |       |     5 ||     5
       Flail             |       |    30 ||    30
Throw: Boomerang         |    59 |    92 ||   151
Evoke: Wand              |       |     2 ||     2
  Use: Potion            |     1 |     4 ||     5
       Scroll            |     3 |     7 ||    10
Armor: Chain mail        |   103 |    49 ||   152
Dodge: Dodged            |    43 |    42 ||    85
